 Dungeon Crawl Stone Soup version 0.14-a0-1266-g856eec9 (webtiles) character file.

2041 Egon the Digger (level 8, -1/51 HPs)
             Began as a Gargoyle Earth Elementalist on Dec 3, 2013.
             Was an Initiate of Ashenzari.
             Slain by a komodo dragon (17 damage)
             ... on Level 8 of the Dungeon.
             The game lasted 00:30:47 (7766 turns).

Egon the Digger (Gargoyle Earth Elementalist)       Turns: 7766, Time: 00:30:47

HP  -1/51        AC 11     Str 12      XL: 8   Next: 92%
MP  13/20        EV 10     Int 21      God: Ashenzari [......]
Gold 452         SH  0     Dex 10      Spells:  4 memorised,  6 levels left

rFire  . . .     SeeInvis .     b - 84 stones
rCold  . . .     Clarity  .     z - +0 leather armour
rNeg   + . .     Conserve .     (no shield)
rPois  +         rCorr    +     (no helmet)
rElec  +         rRot     +     (no cloak)
SustAb . .       Spirit   .     (no gloves)
rMut   .         Warding  .     (no boots)
Saprov . . .     Stasis   .     w - amulet of resist corrosion
                                (no ring)
                                y - +3 ring of intelligence

@: stone skin, slightly resistant to hostile enchantments, unstealthy
A: life protection 1, electricity resistance, unbreathing, petrification
resistance, AC +5
a: Renounce Religion


You were on level 8 of the Dungeon.
You worshipped Ashenzari.
Ashenzari was noncommittal.
You were not hungry.

You visited 2 branches of the dungeon, and saw 9 of its levels.

You collected 452 gold pieces.

Inventory:

Hand weapons
 a - a +0,+2 orcish flail
 g - the +4,+7 mace "Siakail" {freeze, Noisy Str+3 SInv}
   (You found it on level 8 of the Dungeon)

   It has been specially enchanted to freeze those struck by it, causing extra
   injury to most foes and up to double damage against particularly susceptible
   opponents.
   It can also slow down cold-blooded creatures.
   It affects your strength (+3).
   It enhances your eyesight.
   It makes noises.
Missiles
 b - 84 stones (in hand)
 e - a dart of frost
Armour
 z - a +0 leather armour (worn)
Magical devices
 c - a wand of draining (1)
Comestibles
 h - 5 bread rations
 s - a pear
 D - 2 meat rations
 E - a sausage
 H - a choko
Scrolls
 i - a scroll of blinking
 j - a scroll of curse weapon
 m - a scroll of enchant armour {unknown}
 p - a scroll of magic mapping
 r - a scroll of fog {unknown}
Jewellery
 w - an amulet of resist corrosion (around neck)
 y - a +3 ring of intelligence (left hand)
Potions
 f - a potion of confusion {unknown}
 k - a potion of brilliance
 l - a potion of lignification
 n - a potion of magic
 o - 2 potions of curing
 q - a potion of speed
Books
 d - a book of Geomancy

   Spells                             Type                      Level
   *Sandblast                         Earth                        1
   *Stoneskin                         Transmutation/Earth          2
   Passwall                           Transmutation/Earth          3
   *Stone Arrow                       Conjuration/Earth            3
   Petrify                            Transmutation/Earth          4
   *Lee's Rapid Deconstruction        Earth                        5


   Skills:
 + Level 5.7 Fighting
 + Level 5.6 Maces & Flails
 - Level 1.5 Dodging
 - Level 2.1 Stealth
 + Level 5.4 Spellcasting
 - Level 0.7 Transmutations
 + Level 7.4 Earth Magic


You had 6 spell levels left.
You knew the following spells:

 Your Spells              Type           Power        Failure   Level  Hunger
a - Sandblast             Erth           #####.       1%          1    None
b - Stoneskin             Trmt/Erth      ###.......   3%          2    None
c - Stone Arrow           Conj/Erth      ###...       10%         3    ##.....
d - Lee's Rapid Deconstr  Erth           #####.....   17%         5    #####..


Dungeon Overview and Level Annotations

Branches:
Dungeon (8/16)             Temple (1/1) D:7            Lair (0/8) D:8

Altars:
Ashenzari
Cheibriados
Elyvilon
Fedhas
Kikubaaqudgha
Makhleb
Nemelex Xobeh
Okawaru
Sif Muna
Trog
Vehumet
Xom
Yredelemnul
Zin
the Shining One
Jiyva

Shops:
D:6 +

Portals:
Ziggurat: D:5 (4830 gp)


Innate Abilities, Weirdness & Mutations

You are resistant to torment.
You are immune to poison.
Your stone body is very resilient (AC +5).
You resist negative energy.
You are resistant to electric shocks.
You can survive without breathing.
You are immune to petrification.


Message History

Confirm with . or Enter, or press ? or * to list all spells.
Aiming: Sandblast
Press: ? - help, Shift-Dir - straight line, f/p - komodo dragon
Aim: a komodo dragon (heavily wounded)
The rocky blast misses the komodo dragon.
The hound bites you but does no damage.
The komodo dragon bites you but does no damage.
Casting: Sandblast
Confirm with . or Enter, or press ? or * to list all spells.
Aiming: Sandblast
Press: ? - help, Shift-Dir - straight line, f/p - komodo dragon
Aim: a komodo dragon (heavily wounded)
The rocky blast hits the komodo dragon.
The komodo dragon is severely wounded.
The hound closely misses you. The komodo dragon bites you!
* * * LOW HITPOINT WARNING * * *
The hound barely misses you.
Drink which item? (? for menu, Esc to quit)
You feel better. The hound closely misses you. The komodo dragon bites you!
You die...
P..PPPPPPP##

PP.>..PPP...###
#PPP..PPPP.....#
#PPPPP.P.....#.#
#PPPPP......##.#######
#.....P...##.........
#.####.....####.........
#......hl..............(
#......@................
#.......................
#.......................
#....................###
#.................### #.
#......############ #
#......# #. #......# #.#
#......# ###


You could see a komodo dragon and a hound.

Vanquished Creatures
  A hill giant zombie (D:7)
  A sky beast (D:7)
  An orc warrior (D:8)
  A phantom (D:6)
  An ogre (D:6)
  A yellow wasp (D:7)
  A water moccasin (D:6)
  5 killer bees (D:7)
  A hound (D:4)
  2 crimson imps
  An orc priest (D:8)
  2 orc wizards
  A spider (D:7)
  2 worker ants
  3 iguanas
  An ogre skeleton (D:5)
  A hound skeleton (D:5)
  A worker ant zombie (D:7)
  4 adders
  An inept feature mimic (D:7)
  5 worms
  3 giant mites
  A scorpion zombie (D:8)
  5 oozes
  15 orcs
  A ball python (D:2)
  14 bats
  6 goblins
  9 hobgoblins
  14 jackals
  4 quokkas
  2 giant cockroaches
  6 giant geckos
  4 giant newts
  A giant spore (D:7)
  A jackal skeleton (D:7)
  8 kobolds
  9 rats
  A ballistomycete (D:7)
141 creatures vanquished.

Vanquished Creatures (others)
  A plant (D:8)
1 creature vanquished.

Grand Total: 142 creatures vanquished

Notes
Turn   | Place    | Note
--------------------------------------------------------------
     0 | D:1      | Egon, the Gargoyle Earth Elementalist, began the quest for the Orb.
     0 | D:1      | Reached XP level 1. HP: 10/10 MP: 3/3
   233 | D:1      | Reached XP level 2. HP: 13/16 MP: 0/4
   474 | D:1      | Learned a level 2 spell: Stoneskin
   559 | D:1      | Reached skill level 1 in Fighting
  1024 | D:1      | Reached XP level 3. HP: 20/20 MP: 3/6
  1057 | D:1      | Learned a level 3 spell: Stone Arrow
  1150 | D:2      | Reached skill level 4 in Earth Magic
  1587 | D:2      | Found a viscous altar of Jiyva.
  1598 | D:2      | Reached XP level 4. HP: 25/25 MP: 5/9
  2068 | D:2      | Upgraded the game from 0.14-a0-1254-g249fea6 to 0.14-a0-1266-g856eec9
  2697 | D:3      | Reached skill level 1 in Maces & Flails
  2848 | D:3      | Found a bloodstained altar of Trog.
  3013 | D:3      | Reached XP level 5. HP: 26/30 MP: 9/11
  3840 | D:4      | Reached skill level 5 in Earth Magic
  3982 | D:4      | Reached XP level 6. HP: 24/36 MP: 10/13
  4005 | D:4      | Learned a level 5 spell: Lee's Rapid Deconstruction
  4333 | D:5      | Entered Level 5 of the Dungeon
  4628 | D:5      | Found a gateway to a ziggurat.
  5269 | D:6      | Reached XP level 7. HP: 41/41 MP: 11/17
  5355 | D:6      | Found Khungof's Book Boutique.
  6002 | D:7      | Reached skill level 6 in Earth Magic
  6144 | D:7      | Reached XP level 8. HP: 46/48 MP: 3/18
  6522 | D:7      | Reached skill level 5 in Fighting
  6581 | D:7      | Reached skill level 5 in Spellcasting
  6661 | D:7      | Reached skill level 5 in Maces & Flails
  6661 | D:7      | Reached skill level 7 in Earth Magic
  6680 | D:7      | Found a staircase to the Ecumenical Temple.
  6690 | Temple   | Entered the Ecumenical Temple
  6868 | Temple   | Became a worshipper of Ashenzari the Shackled
  7218 | D:8      | Got the mace "Siakail" {freeze, Noisy Str+3 SInv}
  7750 | D:8      | Noticed a komodo dragon
  7751 | D:8      | Found a staircase to the Lair.
  7766 | D:8      | Slain by a komodo dragon

Action                   |  1- 3 |  4- 6 |  7- 9 || total
-------------------------+-------+-------+-------++-------
Melee: Club              |    41 |   218 |       ||   259
       Unarmed           |     2 |       |       ||     2
       Flail             |       |    55 |    78 ||   133
       Whip              |       |    19 |    28 ||    47
 Cast: Sandblast         |    58 |    63 |    46 ||   167
       Stoneskin         |     2 |    26 |    12 ||    40
       Stone Arrow       |       |     1 |     9 ||    10
Evoke: Wand              |       |       |     3 ||     3
  Use: Scroll            |       |       |    16 ||    16
       Potion            |       |       |     2 ||     2
